 Dungeon Crawl Stone Soup version 0.27-a0-951-gae3e1deef5 (webtiles) character file.

Game seed: 12178651505788282466

161 polve the Cutter (level 5, -7/42 HPs)
             Began as a Demonspawn Abyssal Knight on Apr 11, 2021.
             Was a Believer of Lugonu.
             Mangled by an ogre
             ... wielding a +0 giant club
              (22 damage)
             ... on level 4 of the Dungeon.
             The game lasted 00:02:41 (4405 turns).

polve the Cutter (Demonspawn Abyssal Knight)        Turns: 4405, Time: 00:02:42

Health: -7/42      AC:  3    Str: 14    XL:     5   Next: 18%
Magic:  6/6        EV: 11    Int: 13    God:    Lugonu [**....]
Gold:   110        SH:  4    Dex: 12    Spells: 4/4 levels left

rFire    . . .     SeeInvis .   a - +1 short sword
rCold    . . .     Faith    .   (no shield)
rNeg     . . .     Spirit   .   b - +0 leather armour
rPois    +         Reflect  .   (no helmet)
rElec    .         Harm     .   (no cloak)
rCorr    .         Rampage  .   (no gloves)
Will     .....                  (no boots)
Stlth    +.........             (no amulet)
HPRegen  0.14/turn              k - ring of poison resistance
MPRegen  0.10/turn              j - ring of flight

@: flying, slowed, very slow
A: claws 1, large bone plates 1, powered by death 1
a: Renounce Religion, Depart the Abyss, Bend Space


You were on level 4 of the Dungeon.
You worshipped Lugonu.
Lugonu was pleased with you.
You visited 1 branch of the dungeon, and saw 4 of its levels.
You visited the Abyss 1 time.

You collected 110 gold pieces.

Inventory:

Hand Weapons
 a - a +1 short sword (weapon)
Armour
 b - a +0 leather armour (worn)
Jewellery
 j - a ring of flight (right claw)
 k - a ring of poison resistance (left claw)
Scrolls
 c - a scroll of silence {unknown}
 d - a scroll of holy word {unknown}
 e - a scroll of noise {unknown}
 l - a scroll of teleportation {unknown}
 m - a scroll of magic mapping {unknown}
 n - a scroll of acquirement {unknown}
Potions
 f - a potion of berserk rage {unknown}
 g - 3 potions of flight {unknown}
 h - a potion of brilliance {unknown}
 i - 2 potions of curing {unknown}
 o - a potion of degeneration {unknown}


   Skills:
 + Level 3.7 Fighting
 - Level 4.0 Short Blades
 + Level 2.6 Armour
 - Level 0.8 Dodging
 - Level 2.4 Invocations


You had 4 spell levels left.
You didn't know any spells.
Your spell library contained the following spells:

 Spells                   Type           Power      Damage    Failure   Level
 Confusing Touch          Hex            0%         N/A       75%         3
 Gell's Gravitas          Tloc           0%         N/A       75%         3
 Petrify                  Tmut/Erth      0%         N/A       98%         4
 Metabolic Englaciation   Hex/Ice        0%         N/A       100%        5
 Yara's Violent Unravell  Hex/Tmut       0%         3d3       100%        5


Dungeon Overview and Level Annotations

Branches:
Dungeon (4/15)
 Temple: D:4-7

Altars:
Kikubaaqudgha
Nemelex Xobeh


Innate Abilities, Weirdness & Mutations

You have sharp fingernails.
You are partially covered in large bone plates. (SH +4)
You regenerate a little health from kills.


Message History

The magic dart hits you. You block Natasha's attack.
You closely miss Natasha.
Natasha is heavily wounded.
Natasha stares at you and mumbles some strange words.
You resist with some effort.
You hit Natasha.
Natasha is almost dead.
Natasha claws you!
* * * LOW HITPOINT WARNING * * *
You hit Natasha.
You kill Natasha!
Lugonu accepts your kill.
Natasha screams in fury as she dies!
The crimson imp disappears in a puff of smoke!
You have reached level 5!
You hit the adder skeleton but do no damage.
The adder skeleton bites you.
You hit the adder skeleton.
The adder skeleton is moderately damaged.
The adder skeleton bites you. You block the adder skeleton's attack.
You hit the adder skeleton.
The adder skeleton is severely damaged.
The adder skeleton bites you but does no damage.
You hit the adder skeleton but do no damage.
The adder skeleton is severely damaged.
The adder skeleton barely misses you. The adder skeleton misses you.
You hit the adder skeleton.
The adder skeleton is almost destroyed.
The adder skeleton bites you but does no damage.
You completely miss the adder skeleton.
The adder skeleton is almost destroyed.
The adder skeleton barely misses you.
The ogre shouts!
You hit the adder skeleton.
You destroy the adder skeleton!
Lugonu accepts your kill.
You see here the felid corpse of Natasha.
The ogre hits you with a +0 giant club!!
Ouch! That really hurt!
You die...

##.## #.....
. #.# #.##.#
##.# #.###
#.##.##....#
#.).# # ....
.... ###.#
#.##.##....#
#.#
#..........#
#.#
####.######
#.# #O# #.#
#@# #.# #.#
#.# #.# #>#
#.# #.#
#####.# #.#
#.....# #.#
#.###.# #.#
#.# #.# #.#
#.# #.#


You could see an ogre.

Vanquished Creatures
  A hound (D:3)
  Natasha (D:4)
  A gnoll (D:1)
  2 adders
  An adder skeleton (D:4)
  3 worms (D:2)
  2 dart slugs (D:1)
  6 ball pythons
  7 bats
  5 endoplasms
  2 giant cockroaches (D:2)
  6 goblins
  6 hobgoblins
  2 quokkas (D:1)
  8 frilled lizards
  6 kobolds
  11 rats
70 creatures vanquished.

Notes
Turn   | Place    | Note
-------+----------+-------------------------------------------
     0 | Abyss:1  | polve the Demonspawn Abyssal Knight began the quest for the
                  | Orb.
     0 | Abyss:1  | Reached XP level 1. HP: 18/18 MP: 2/2
    74 | Abyss:1  | Noticed a sixfirhy
    81 | D:1      | Escaped the Abyss
   120 | D:1      | Found a faded altar of an unknown god.
   137 | D:1      | Reached skill level 2 in Short Blades
   645 | D:1      | Gained mutation: You have sharp fingernails. [demonic
                  | ancestry]
   645 | D:1      | Reached XP level 2. HP: 24/24 MP: 3/3
   843 | D:1      | Reached * piety under Lugonu
  1056 | D:1      | Reached skill level 3 in Short Blades
  1221 | D:1      | Gained mutation: You are partially covered in large bone
                  | plates. (SH +4) [demonic ancestry]
  1221 | D:1      | Reached XP level 3. HP: 11/29 MP: 4/4
  2069 | D:2      | Gained mutation: You regenerate a little health from kills.
                  | [demonic ancestry]
  2069 | D:2      | Reached XP level 4. HP: 18/35 MP: 5/5
  2325 | D:2      | Reached skill level 4 in Short Blades
  2594 | D:2      | Found a sparkling altar of Nemelex Xobeh.
  3227 | D:3      | Reached ** piety under Lugonu
  3602 | D:3      | Found an ancient bone altar of Kikubaaqudgha.
  3923 | D:4      | Noticed an ogre
  4375 | D:4      | Noticed Natasha
  4396 | D:4      | Killed Natasha
  4397 | D:4      | Reached XP level 5. HP: 13/42 MP: 6/6
  4405 | D:4      | Mangled by an ogre

Illustrated notes

Levels and vault maps discovered:
D:1:      scummos_arrival_gate, layout_basic, ebering_ecumenical_altar_webs,
          minmay_misc_feat_plants, minmay_misc_feat_encased, hex_large
D:2:      layout_rooms, basic_altar, serial_bayou_pond_a, grunt_ministairs_2
D:3:      layout_loops_ring, lemuel_tele_altar
D:4:      layout_loops_ring, serial_shops, shop, uniq_ijyb, uniq_natasha,
          uniq_grinder

Skill      XL: |  1  2  3  4 |
---------------+-------------+-----
Short Blades   | 2 3 4 |  4.0
Armour         | 2 |  2.6
Fighting       | |  3.7
Dodging        | |  0.8
Invocations    | |  2.4

Action                   |  1- 3 |  4- 6 || total
-------------------------+-------+-------++-------
Melee: Short sword       |   162 |   127 ||   289
Invok: Depart the Abyss  |     1 |       ||     1
  Use: Potion            |     2 |       ||     2
 Stab: Sleeping          |       |     1 ||     1
Armor: Leather armour    |    59 |    16 ||    75
Dodge: Dodged            |   110 |    55 ||   165
Block: Other             |    18 |    14 ||    32

Table legend: (Time is in decaauts)
 A = Elapsed time spent in this place.
 B = Non-inter-level travel time spent in this place.
 C = Inter-level travel time spent in this place.
 D = Time resting spent in this place.
 E = Time spent auto-exploring this place.
 F = Levels seen in this place.
 G = Mean time per level.
                   A        B        C        D        E       F      G
               +--------+--------+--------+--------+--------+-----+--------+
         Total |   4388 |   4218 |    170 |      0 |   3603 |   5 |  877.6 |
       Dungeon |   4307 |   4137 |    170 |      0 |   3532 |   4 | 1076.8 |
         Abyss |     81 |     81 |      0 |      0 |     71 |   1 |   81.0 |
               +--------+--------+--------+--------+--------+-----+--------+

Top non-repeatable levels by time:
     D:1: 1707 daAuts
     D:2: 1373 daAuts
     D:3: 1060 daAuts
     D:4: 166 daAuts
 Abyss:1: 81 daAuts
